| TOP OF THE 1ST |
|
Hillsboro Hops batting - Pitching for Tri-City Dust Devils : RHP Phil Rankin
|
|
Pitching: RHP Phil Rankin
|
|
|
Batting: SHB Blaine Peters
|
0-0: Called Strike 0-1: Ball 1-1: SINGLE (Flyball, 6MD, EV 93.8 MPH)
|
|
Batting: RHB Brandon Joshua
|
0-0: Ball 1-0: Called Strike 1-1: Called Strike 1-2: Ball 2-2: Strikes out swinging
|
|
Batting: RHB Wen-hua Lei
|
0-0: Foul Ball, location: 2F 0-1: Called Strike Blaine Peters is caught stealing 2nd base 2-4 0-2: Fly out, F8 (Flyball, 89M, EV 83.8 MPH)
|
| Top of the 1st over - 0 runs, 1 hit, 0 errors, 0 left on base; Hillsboro 0 - Tri-City 0 |
| BOTTOM OF THE 1ST |
|
Tri-City Dust Devils batting - Pitching for Hillsboro Hops : RHP John Palumbo
|
|
Pitching: RHP John Palumbo
|
|
|
Batting: RHB Adrian Cook
|
0-0: Ball 1-0: Ball 2-0: Foul Ball, location: 2F 2-1: Foul Ball, location: 2F 2-2: Ground out 4-3 (Groundball, 4M, EV 97.5 MPH)
|
|
Batting: LHB Tony Contreras
|
0-0: Swinging Strike 0-1: Ball 1-1: Ball 2-1: Ground out 4-3 (Groundball, 34, EV 84.4 MPH)
|
|
Batting: RHB Kalidas Mishra
|
0-0: Called Strike 0-1: Ball 1-1: Ball 2-1: Ball 3-1: Base on Balls
|
|
Batting: LHB James McCauley
|
0-0: Called Strike 0-1: Foul Ball, location: 2F 0-2: Ball Kalidas Mishra is caught stealing 2nd base 2-6
|
| Bottom of the 1st over - 0 runs, 0 hits, 0 errors, 0 left on base; Hillsboro 0 - Tri-City 0 |
| TOP OF THE 2ND |
|
Hillsboro Hops batting - Pitching for Tri-City Dust Devils : RHP Phil Rankin
|
|
Batting: LHB Dillon Rizzuto
|
0-0: Ball 1-0: Called Strike 1-1: Ball 2-1: Ball 3-1: Base on Balls
|
|
Batting: RHB Ian Sousa
|
0-0: Fly out, F9 (Flyball, 9D, EV 93.1 MPH)
|
|
Batting: RHB Josh Burrows
|
0-0: Ball 1-0: Ball 2-0: Ball 3-0: Base on Balls Dillon Rizzuto to second
|
|
Batting: LHB Ivan Cortez
|
0-0: Ball 1-0: Fielders Choice at 2nd, 4-6 (Groundball, 4, EV 107.5 MPH) Dillon Rizzuto to third
|
|
Batting: RHB Jeremy Adams
|
0-0: Ball Ivan Cortez steals 2nd base 1-0: Ball 2-0: Foul Ball, location: 2F 2-1: Foul Ball, location: 2F 2-2: Ball 3-2: Ground out 6-3 (Groundball, 6, EV 76.2 MPH)
|
| Top of the 2nd over - 0 runs, 0 hits, 0 errors, 2 left on base; Hillsboro 0 - Tri-City 0 |
| BOTTOM OF THE 2ND |
|
Tri-City Dust Devils batting - Pitching for Hillsboro Hops : RHP John Palumbo
|
|
Batting: LHB James McCauley
|
0-0: Ball 1-0: Ball 2-0: Swinging Strike 2-1: Foul Ball, location: 2F 2-2: TRIPLE (Line Drive, 8RXD, EV 101.2 MPH)
|
|
Pitching: RHP John Gloe
|
|
|
Batting: RHB Eric McMillian
|
0-0: Ball 1-0: Ball 2-0: Called Strike 2-1: Ball Wild Pitch! James McCauley scores 3-1: Called Strike 3-2: Fly out, F8 (Flyball, 78S, EV 93.8 MPH)
|
|
Batting: LHB Conor Barron
|
0-0: Called Strike 0-1: SINGLE (Groundball, 4D, EV 96.9 MPH)
|
|
Batting: RHB Zachary Sidney
|
0-0: Ball 1-0: Ground out 6-3 (Groundball, 6MS, EV 92.5 MPH) Conor Barron to second
|
|
Batting: RHB Alex Collazo
|
0-0: Ball 1-0: Ball 2-0: Foul Ball, location: 2F 2-1: Ball 3-1: Called Strike 3-2: Foul Ball, location: 2F 3-2: Strikes out swinging
|
| Bottom of the 2nd over - 1 run, 2 hits, 0 errors, 1 left on base; Hillsboro 0 - Tri-City 1 |
| TOP OF THE 3RD |
|
Hillsboro Hops batting - Pitching for Tri-City Dust Devils : RHP Phil Rankin
|
|
Batting: RHB Trevor Corey
|
0-0: Called Strike 0-1: DOUBLE (Line Drive, 8LXD, EV 108.8 MPH)
|
|
Batting: SHB Blaine Peters
|
0-0: Ball 1-0: Ball 2-0: Ball Wild Pitch! Trevor Corey to third 3-0: Base on Balls
|
|
Batting: RHB Brandon Joshua
|
0-0: Ball Blaine Peters steals 2nd base 1-0: Called Strike 1-1: SINGLE (Line Drive, 56, EV 107.5 MPH) Trevor Corey scores Blaine Peters to third
|
|
Batting: RHB Wen-hua Lei
|
0-0: Called Strike Brandon Joshua steals 2nd, throwing error, E2 Blaine Peters scores Brandon Joshua to third 0-1: Foul Ball, location: 2F 0-2: Foul Ball, location: 2F 0-2: Ball 1-2: Ground out 6-3 (Groundball, 6, EV 82.5 MPH) Brandon Joshua scores
|
|
Batting: LHB Dillon Rizzuto
|
0-0: Ground out 6-3 (Groundball, 6M, EV 96.9 MPH)
|
|
Batting: RHB Ian Sousa
|
0-0: Ball 1-0: Swinging Strike 1-1: Called Strike 1-2: Ball 2-2: Ball 3-2: Foul Ball, location: 2F 3-2: Base on Balls
|
|
Batting: RHB Josh Burrows
|
0-0: Hit by Pitch Ian Sousa to second
|
|
Batting: LHB Ivan Cortez
|
0-0: Ball 1-0: Called Strike 1-1: Fly out, F5 (Popup, 5F, EV 64.4 MPH)
|
| Top of the 3rd over - 3 runs, 2 hits, 1 error, 2 left on base; Hillsboro 3 - Tri-City 1 |
| BOTTOM OF THE 3RD |
|
Tri-City Dust Devils batting - Pitching for Hillsboro Hops : RHP John Gloe
|
|
Batting: RHB Ed Oake
|
0-0: Called Strike 0-1: Ball 1-1: Swinging Strike 1-2: Strikes out swinging
|
|
Batting: RHB Adrian Cook
|
0-0: Ball 1-0: Ball 2-0: Ball 3-0: Called Strike 3-1: SINGLE (Groundball, 56D, EV 103.8 MPH)
|
|
Batting: LHB Tony Contreras
|
0-0: Ball 1-0: SINGLE (Line Drive, 8LS, EV 96.2 MPH) Adrian Cook to second
|
|
Batting: RHB Kalidas Mishra
|
0-0: SINGLE (Groundball, 4M, EV 101.9 MPH) (infield hit) Adrian Cook to third Tony Contreras to second
|
|
Batting: LHB James McCauley
|
0-0: Ball 1-0: Swinging Strike 1-1: Swinging Strike 1-2: Foul Ball, location: 2F 1-2: Strikes out swinging
|
|
Batting: RHB Eric McMillian
|
0-0: SINGLE (Groundball, 56D, EV 102.5 MPH) Adrian Cook scores Tony Contreras to third Kalidas Mishra to second Runner from 3rd tries for Home, SAFE, throw by LF to home
|
|
Batting: LHB Conor Barron
|
0-0: Called Strike 0-1: Ball 1-1: Swinging Strike Passed Ball! Kalidas Mishra to third Eric McMillian to second 1-2: Ball 2-2: Strikes out swinging
|
| Bottom of the 3rd over - 2 runs, 4 hits, 0 errors, 2 left on base; Hillsboro 3 - Tri-City 3 |
| TOP OF THE 4TH |
|
Hillsboro Hops batting - Pitching for Tri-City Dust Devils : RHP Phil Rankin
|
|
Batting: RHB Jeremy Adams
|
0-0: Called Strike 0-1: Ball 1-1: Ball 2-1: Fly out, F9 (Line Drive, 89M, EV 93.8 MPH)
|
|
Batting: RHB Trevor Corey
|
0-0: Ground out 6-3 (Groundball, 6, EV 91.2 MPH)
|
|
Batting: SHB Blaine Peters
|
0-0: Ball 1-0: Foul Ball, location: 2F 1-1: SINGLE (Groundball, 13S, EV 70.0 MPH) (infield hit)
|
|
Batting: RHB Brandon Joshua
|
0-0: Ball 1-0: Ball Blaine Peters is caught stealing 2nd base 2-4
|
| Top of the 4th over - 0 runs, 1 hit, 0 errors, 0 left on base; Hillsboro 3 - Tri-City 3 |
| BOTTOM OF THE 4TH |
|
Tri-City Dust Devils batting - Pitching for Hillsboro Hops : RHP John Gloe
|
|
Batting: RHB Zachary Sidney
|
0-0: Ball 1-0: Ball 2-0: Called Strike 2-1: DOUBLE (Line Drive, 9LM, EV 89.4 MPH)
|
|
Pitching: RHP Jake Priest
|
|
|
Batting: RHB Alex Collazo
|
0-0: Called Strike 0-1: Foul Ball, location: 2F 0-2: Strikes out swinging
|
|
Batting: RHB Ed Oake
|
0-0: Ball 1-0: Swinging Strike 1-1: Ball 2-1: Ball 3-1: Ground out 5-3 (Groundball, 56, EV 83.8 MPH)
|
|
Batting: RHB Adrian Cook
|
0-0: Ball 1-0: Ball 2-0: Swinging Strike 2-1: Ball 3-1: Called Strike 3-2: Foul Ball, location: 2F 3-2: Strikes out looking
|
| Bottom of the 4th over - 0 runs, 1 hit, 0 errors, 1 left on base; Hillsboro 3 - Tri-City 3 |
| TOP OF THE 5TH |
|
Hillsboro Hops batting - Pitching for Tri-City Dust Devils : RHP Phil Rankin
|
|
Batting: RHB Brandon Joshua
|
0-0: Ball 1-0: Called Strike 1-1: Ball 2-1: Ball 3-1: Fly out, F8 (Flyball, 8LM, EV 90.6 MPH)
|
|
Batting: RHB Wen-hua Lei
|
0-0: Ball 1-0: Ball 2-0: Ground out 5-3 (Groundball, 56, EV 85.0 MPH)
|
|
Pitching: LHP Ricardo de la Torre
|
|
|
Batting: LHB Dillon Rizzuto
|
0-0: Called Strike 0-1: Swinging Strike 0-2: Strikes out swinging, 2-3 out at first.
|
| Top of the 5th over - 0 runs, 0 hits, 0 errors, 0 left on base; Hillsboro 3 - Tri-City 3 |
| BOTTOM OF THE 5TH |
|
Tri-City Dust Devils batting - Pitching for Hillsboro Hops : RHP Jake Priest
|
|
Batting: LHB Tony Contreras
|
0-0: Called Strike 0-1: Ball 1-1: Ground out 5-3 (Groundball, 5, EV 88.8 MPH)
|
|
Batting: RHB Kalidas Mishra
|
0-0: Fly out, F3 (Popup, 3S, EV 72.5 MPH)
|
|
Batting: LHB James McCauley
|
0-0: Ball 1-0: Ball 2-0: Swinging Strike 2-1: Called Strike 2-2: Ball 3-2: Foul Ball, location: 2F 3-2: Strikes out swinging
|
| Bottom of the 5th over - 0 runs, 0 hits, 0 errors, 0 left on base; Hillsboro 3 - Tri-City 3 |
| TOP OF THE 6TH |
|
Hillsboro Hops batting - Pitching for Tri-City Dust Devils : LHP Ricardo de la Torre
|
|
Batting: RHB Ian Sousa
|
0-0: Foul Ball, location: 2F 0-1: DOUBLE (Line Drive, 78XD, EV 110.0 MPH)
|
|
Batting: RHB Josh Burrows
|
0-0: Swinging Strike 0-1: Foul Ball, location: 2F 0-2: Strikes out swinging
|
|
Batting: LHB Ivan Cortez
|
0-0: Ball 1-0: Ground out U3 (Groundball, 3, EV 81.2 MPH) Ian Sousa to third
|
|
Batting: RHB Jeremy Adams
|
0-0: Ball 1-0: Called Strike Balk! Ian Sousa scores 1-1: Ball 2-1: Called Strike 2-2: Ball 3-2: Base on Balls
|
|
Batting: RHB Trevor Corey
|
0-0: Ball 1-0: Ball 2-0: Called Strike 2-1: Fielders Choice at 2nd, U4 (Groundball, 4M, EV 106.2 MPH)
|
| Top of the 6th over - 1 run, 1 hit, 0 errors, 1 left on base; Hillsboro 4 - Tri-City 3 |
| BOTTOM OF THE 6TH |
|
Tri-City Dust Devils batting - Pitching for Hillsboro Hops : RHP Jake Priest
|
|
Batting: RHB Eric McMillian
|
0-0: Ball 1-0: SINGLE (Groundball, 4M, EV 100.6 MPH) (infield hit)
|
|
Batting: LHB Conor Barron
|
0-0: Ball 1-0: SINGLE (Line Drive, 3D, EV 97.5 MPH) Eric McMillian to second
|
|
Batting: RHB Zachary Sidney
|
0-0: SINGLE (Line Drive, 89S, EV 97.5 MPH) Eric McMillian to third Conor Barron to second Runner from 3rd tries for Home, SAFE, throw by RF to home
|
|
Pinch Hitting: SHB Manny Berrones
|
0-0: Swinging Strike 0-1: Ball 1-1: Called Strike 1-2: Ball 2-2: Strikes out swinging
|
|
Pitching: LHP Henry Torres
|
|
|
Batting: RHB Ed Oake
|
0-0: Swinging Strike 0-1: Foul Ball, location: 2F 0-2: Ball 1-2: Strikes out swinging
|
|
Batting: RHB Adrian Cook
|
0-0: Ball 1-0: Called Strike 1-1: Foul Ball, location: 2F 1-2: Fielders Choice at 2nd, 6-4 (Groundball, 6, EV 90.6 MPH)
|
| Bottom of the 6th over - 1 run, 3 hits, 0 errors, 2 left on base; Hillsboro 4 - Tri-City 4 |
| TOP OF THE 7TH |
|
Hillsboro Hops batting - Pitching for Tri-City Dust Devils : LHP Ricardo de la Torre
|
|
Pitching: RHP Colin Dorsey
|
|
|
Now at SS: Mike MacLeod
|
|
|
Batting: SHB Blaine Peters
|
0-0: Ball 1-0: Swinging Strike 1-1: Ground out 3-1 (Groundball, 34, EV 85.6 MPH)
|
|
Batting: RHB Brandon Joshua
|
0-0: Ball 1-0: Ball 2-0: Called Strike 2-1: Foul Ball, location: 2F 2-2: Strikes out looking
|
|
Batting: RHB Wen-hua Lei
|
0-0: Called Strike 0-1: Ball 1-1: Foul Ball, location: 2F 1-2: Ball 2-2: Foul Ball, location: 2F 2-2: Ball 3-2: Fly out, F9 (Line Drive, 89M, EV 89.4 MPH)
|
| Top of the 7th over - 0 runs, 0 hits, 0 errors, 0 left on base; Hillsboro 4 - Tri-City 4 |
| BOTTOM OF THE 7TH |
|
Tri-City Dust Devils batting - Pitching for Hillsboro Hops : LHP Henry Torres
|
|
Batting: LHB Tony Contreras
|
0-0: Ball 1-0: Ball 2-0: Ball 3-0: Called Strike 3-1: Base on Balls
|
|
Batting: RHB Kalidas Mishra
|
0-0: Foul Ball, location: 2F 0-1: Ball 1-1: Called Strike 1-2: Ball Wild Pitch! Tony Contreras to second 2-2: SINGLE (Groundball, 4MD, EV 99.4 MPH) Tony Contreras to third Runner from 3rd tries for Home, SAFE, throw by CF to home
|
|
Batting: LHB James McCauley
|
0-0: Called Strike 0-1: Called Strike 0-2: Ball 1-2: Strikes out swinging
|
|
Batting: RHB Eric McMillian
|
0-0: Ball Kalidas Mishra steals 2nd base 1-0: Intentional Walk
|
|
Batting: LHB Conor Barron
|
0-0: Hit by Pitch Kalidas Mishra to third Eric McMillian to second
|
|
Batting: RHB Zachary Sidney
|
0-0: Ball 1-0: Ball 2-0: Fly out, F9 (Line Drive, 9S, EV 97.5 MPH)
|
|
Batting: RHB Mike MacLeod
|
0-0: Called Strike 0-1: Called Strike 0-2: Strikes out looking
|
| Bottom of the 7th over - 1 run, 1 hit, 0 errors, 3 left on base; Hillsboro 4 - Tri-City 5 |
| TOP OF THE 8TH |
|
Hillsboro Hops batting - Pitching for Tri-City Dust Devils : RHP Colin Dorsey
|
|
Pitching: LHP Jay Bowen
|
|
|
Batting: RHB Antonio Luisa
|
0-0: SINGLE (Line Drive, 4D, EV 103.1 MPH)
|
|
Pitching: LHP Manny Santiago
|
|
|
Batting: RHB Ian Sousa
|
0-0: Grounds into double play, 5-4-3 (Groundball, 5L, EV 102.5 MPH)
|
|
Batting: RHB Josh Burrows
|
0-0: Ball 1-0: Fly out, F7 (Line Drive, 7LS, EV 93.8 MPH)
|
| Top of the 8th over - 0 runs, 1 hit, 0 errors, 0 left on base; Hillsboro 4 - Tri-City 5 |
| BOTTOM OF THE 8TH |
|
Tri-City Dust Devils batting - Pitching for Hillsboro Hops : LHP Henry Torres
|
|
Pitching: RHP Cortez Mendiola
|
|
|
Batting: RHB Ed Oake
|
0-0: Called Strike 0-1: Ball 1-1: TRIPLE (Line Drive, 78XD, EV 105.0 MPH)
|
|
Batting: RHB Adrian Cook
|
0-0: Swinging Strike 0-1: Foul Ball, location: 2F 0-2: Ball 1-2: Ball 2-2: Strikes out swinging
|
|
Batting: LHB Tony Contreras
|
0-0: Ball 1-0: Ball 2-0: Ground out 4-3 (Groundball, 4S, EV 76.2 MPH)
|
|
Batting: RHB Kalidas Mishra
|
0-0: Ball 1-0: Foul Ball, location: 2F 1-1: Swinging Strike 1-2: Foul Ball, location: 2F 1-2: Foul Ball, location: 2F 1-2: Strikes out swinging
|
| Bottom of the 8th over - 0 runs, 1 hit, 0 errors, 1 left on base; Hillsboro 4 - Tri-City 5 |
| TOP OF THE 9TH |
|
Hillsboro Hops batting - Pitching for Tri-City Dust Devils : LHP Manny Santiago
|
|
Pitching: LHP Ismael Diaz
|
|
|
Batting: LHB Ivan Cortez
|
0-0: Ball 1-0: Ball 2-0: Called Strike 2-1: Ball 3-1: Foul Ball, location: 2F 3-2: Foul Ball, location: 2F 3-2: Ground out 4-3 (Groundball, 4, EV 85.0 MPH)
|
|
Batting: RHB Jeremy Adams
|
0-0: Ball 1-0: Foul Ball, location: 2F 1-1: Fly out, F4 (Popup, 3S, EV 75.0 MPH)
|
|
Batting: RHB Trevor Corey
|
0-0: Ball 1-0: Ball 2-0: Called Strike 2-1: Ball 3-1: Base on Balls
|
|
Batting: SHB Blaine Peters
|
0-0: Called Strike 0-1: Foul Ball, location: 2F 0-2: Ball 1-2: Ball 2-2: Ball 3-2: Foul Ball, location: 2F 3-2: Ground out 6-3 (Groundball, 56, EV 105.0 MPH)
|
| Top of the 9th over - 0 runs, 0 hits, 0 errors, 1 left on base; Hillsboro 4 - Tri-City 5 |
|